 Dungeon Crawl Stone Soup version 0.26.1-2-gb8aa6d0cf2 (webtiles) character file.

Game seed: 9399147669391143632

182 Amaterasu the Skirmisher (level 5, 0/43 HPs)
             Began as a Demonspawn Chaos Knight on Feb 15, 2021.
             Was a Plaything of Xom.
             Succumbed to an orc's poison
             ... on level 3 of the Dungeon.
             The game lasted 00:03:19 (2295 turns).

Amaterasu the Skirmisher (Demonspawn Chaos Knight)  Turns: 2295, Time: 00:03:20

Health: 0/43       AC: 12    Str: 14    XL:     5   Next: 34%
Magic:  5/5        EV:  6    Int: 13    God:    Xom [..*...]
Gold:   155        SH:  0    Dex: 12    Spells: 4/4 levels left

rFire    . . .     SeeInvis +   a - +1 mace (chaos)
rCold    + . .     Faith    .   (no shield)
rNeg     + . .     Spirit   +   g - +0 chain mail {Will+}
rPois    .         Reflect  .   (no helmet)
rElec    .         Harm     .   c - +2 cloak
rCorr    .         Rampage  .   k - +0 pair of gloves
Will     +....                  (no boots)
Stlth    ..........             (no amulet)
HPRegen  0.14/turn              n - ring of see invisible
MPRegen  0.09/turn              i - ring of positive energy

@: lethally poisoned (0 -> -58)
A: hooves 2, cold resistance 1, magic shield
a: Renounce Religion


You were on level 3 of the Dungeon.
You worshipped Xom.
You were a toy of Xom.
You visited 1 branch of the dungeon, and saw 3 of its levels.

You collected 155 gold pieces.

Inventory:

Hand Weapons
 a - a +1 mace of chaos (weapon)
Armour
 c - a +2 cloak (worn)
 g - a +0 chain mail of willpower (worn)
 k - a +0 pair of gloves (worn)
Jewellery
 i - a ring of positive energy (right hand)
 n - a ring of see invisible (left hand)
Scrolls
 e - a scroll of fear
 f - 5 scrolls of teleportation
 h - 3 scrolls of remove curse
 j - a scroll of fog
Potions
 b - 2 potions of magic {unknown}
 d - a potion of brilliance {unknown}
 l - 2 potions of flight {unknown}
 m - a potion of curing {unknown}
 o - a potion of might
 p - a potion of heal wounds {unknown}
 q - a potion of mutation {unknown}


   Skills:
 * Level 4.7 Fighting
 + Level 4.4 Maces & Flails
 - Level 1.7 Armour
 - Level 0.8 Dodging


You had 4 spell levels left.
You didn't know any spells.
Your spell library was empty.

Dungeon Overview and Level Annotations

Branches:
Dungeon (3/15)

Altars:


Innate Abilities, Weirdness & Mutations

You have hoof-like feet.
Your flesh is cold resistant. (rC+)
When hurt, damage is shared between your health and your magic reserves.


Message History

The orc is heavily wounded.
You feel very sick. The orc hits you but does no damage.
You are more poisoned.
You hit the orc.
The orc suddenly seems more agile.
Xom thinks this is hilarious!
The orc is severely wounded.
* * * LOW HITPOINT WARNING * * *
You feel very sick. The orc completely misses you.
You closely miss the orc. You kick the orc, but do no damage.
The orc is severely wounded.
* * * LOW HITPOINT WARNING * * *
You feel very sick. The orc hits you but does no damage.
You are more poisoned.
You hit the orc but do no damage. Lightning courses through the orc!
You kill the orc!
You die...
Xom thinks this is hilarious!

#..............
#..............
#...>..........
#..............
#............
#..........
#......).#
#.....รท.#######...
#.......)@......#
#.....(.#########
######(.# #...##
#.#.# #.#<# #...#
#####


There were no monsters in sight!

Vanquished Creatures
  An orc priest (D:3)
  Terence (D:2)
  6 adders (D:2)
  2 oozes (D:1)
  2 leopard geckos (D:2)
  5 orcs (D:3)
  2 giant cockroaches
  10 goblins
  7 hobgoblins
  2 jackals (D:2)
  A ball python (D:2)
  6 bats
  3 frilled lizards (D:2)
  5 kobolds
  6 rats (D:1)
59 creatures vanquished.

Notes
Turn   | Place    | Note
-------+----------+-------------------------------------------
     0 | D:1      | Amaterasu the Demonspawn Chaos Knight began the quest for
                  | the Orb.
     0 | D:1      | Reached XP level 1. HP: 18/18 MP: 1/1
   107 | D:1      | Gained mutation: You have large cloven feet. [demonic
                  | ancestry]
   107 | D:1      | Reached XP level 2. HP: 24/24 MP: 2/2
   243 | D:1      | XOM: silly message
   285 | D:1      | XOM: silly message
   612 | D:1      | Gained mutation: You have hoof-like feet. [demonic
                  | ancestry]
   612 | D:1      | Reached XP level 3. HP: 27/30 MP: 3/3
   892 | D:2      | Noticed Terence
   902 | D:2      | Killed Terence
   903 | D:2      | Gained mutation: Your flesh is cold resistant. (rC+)
                  | [demonic ancestry]
   903 | D:2      | Reached XP level 4. HP: 7/37 MP: 4/4
  1504 | D:2      | Found a faded altar of an unknown god.
  1690 | D:2      | XOM: silly message
  1714 | D:2      | Gained mutation: When hurt, damage is shared between your
                  | health and your magic reserves. [demonic ancestry]
  1714 | D:2      | Reached XP level 5. HP: 43/43 MP: 5/5
  1908 | D:2      | XOM: silly message
  1951 | D:3      | XOM: cast spell 'Cause Fear'
  1960 | D:3      | XOM: smoke on damage
  1962 | D:2      | HP: 1/43 [leopard gecko (2)]
  2295 | D:3      | Succumbed to an orc's poison

Illustrated notes

Levels and vault maps discovered:
D:1:      psy_arrival_basics, layout_rooms, minivault_11, minmay_hexomino_c4
D:2:      layout_basic, chequers_ecumenical_altar_island, uniq_terence
D:3:      layout_rooms

Skill      XL: |  1  2  3  4 |
---------------+-------------+-----
Maces & Flails | 3 4 |  4.4
Fighting       | 4 |  4.7
Armour         | |  1.7
Dodging        | |  0.8

Action                   |  1- 3 |  4- 6 || total
-------------------------+-------+-------++-------
Melee: Mace              |    81 |    81 ||   162
       Kick              |     5 |     5 ||    10
  Use: Scroll            |     7 |       ||     7
 Stab: Paralysed         |     1 |       ||     1
Armor: Leather armour    |    33 |       ||    33
       Chain mail        |     7 |    64 ||    71
Dodge: Dodged            |    54 |    39 ||    93
